 Dungeon Crawl Stone Soup version 0.23-a0-448-g1c01f63 (webtiles) character file.

1816 nikopol the Thaumaturge (level 8, -10/43 HPs)
             Began as a Deep Elf Fire Elementalist on Nov 19, 2018.
             Was an Initiate of Vehumet.
             Hit by a tomahawk of returning thrown by an orc warrior (14 damage)
             ... on level 8 of the Dungeon.
             The game lasted 00:19:33 (7233 turns).

nikopol the Thaumaturge (DEFE)                      Turns: 7233, Time: 00:19:35

Health: -10/43     AC:  3    Str:  5    XL:     8   Next: 85%
Magic:  15/22      EV: 15    Int: 23    God:    Vehumet [......]
Gold:   234        SH:  0    Dex: 15    Spells: 9/24 levels left

rFire    + . .     SeeInvis .   m - +4 dagger
rCold    x . .     Gourm    .   (no shield)
rNeg     . . .     Faith    .   a - +0 robe
rPois    .         Spirit   .   (no helmet)
rElec    .         Reflect  .   (no cloak)
rCorr    .         Harm     .   w - +0 pair of gloves
MR       .....                  (no boots)
Stlth    +++.......             (no amulet)
HPRegen  0.14/turn              t - ring of fire
MPRegen  0.18/turn              (no ring)

@: no status effects
A: no striking features
a: Renounce Religion


You were on level 8 of the Dungeon.
You worshipped Vehumet.
Vehumet was noncommittal.
You were not hungry.

You visited 2 branches of the dungeon, and saw 9 of its levels.

You collected 234 gold pieces.

Inventory:

Hand Weapons
 h - a +0 dagger of speed
 m - a +4 dagger (weapon)
Armour
 a - a +0 robe (worn)
 w - a +0 pair of gloves (worn)
Jewellery
 t - a ring of fire (left hand)
 B - an uncursed ring of protection from fire {unknown}
 D - a +3 ring of strength {unknown}
Wands
 r - a wand of clouds (4)
 v - a wand of polymorph (9)
 y - a wand of random effects (11)
Scrolls
 b - 4 scrolls of remove curse
 e - a scroll of noise {unknown}
 g - 6 scrolls of identify
 i - a scroll of amnesia {unknown}
 j - a scroll of fear {unknown}
 l - 2 scrolls of teleportation
 n - 2 scrolls of enchant armour {unknown}
 p - 2 scrolls of fog {unknown}
 s - 2 scrolls of magic mapping {unknown}
 u - a scroll of torment {unknown}
 x - a scroll of enchant weapon {unknown}
Potions
 d - 4 potions of lignification {unknown}
 f - 3 potions of curing
 k - 3 potions of heal wounds {unknown}
 o - 3 potions of might {unknown}
 q - 2 potions of haste {unknown}
 z - a potion of degeneration {unknown}
 C - a potion of brilliance {unknown}
Comestibles
 c - 9 rations
 A - 5 chunks of flesh


   Skills:
 + Level 1.6 Fighting
 - Level 1.0 Short Blades
 + Level 4.7 Dodging
 + Level 4.4 Stealth
 + Level 8.5 Spellcasting
 + Level 6.0 Conjurations
 + Level 7.3 Fire Magic


You had 9 spell levels left.
You knew the following spells:

 Your Spells              Type           Power        Failure   Level  Hunger
a - Flame Tongue          Conj/Fire      #####        1%          1    None
b - Throw Flame           Conj/Fire      ######       1%          2    None
c - Conjure Flame         Conj/Fire      ######..     1%          3    None
d - Sticky Flame          Conj/Fire      ######..     4%          4    ##.....
e - Fireball              Conj/Fire      ######....   12%         5    #####..

Your spell library contained the following spells:

 Spells                   Type           Power        Failure   Level  Hunger
 Sting                    Conj/Pois      ###.         1%          1    None
 Inner Flame              Hex/Fire       #####...     4%          3    None
 Animate Skeleton         Necr           N/A          7%          1    None
 Apportation              Tloc           #.....       7%          1    None
 Confusing Touch          Hex            #.....       7%          1    None
 Pain                     Necr           #...         7%          1    None
 Summon Small Mammal      Summ           #...         7%          1    None
 Mephitic Cloud           Conj/Pois/Air  ###.....     9%          3    None
 Poisonous Vapours        Pois/Air       #.....       10%         2    None
 Confuse                  Hex            #.......     21%         3    None
 Gell's Gravitas          Tloc           #.........   21%         3    None
 Regeneration             Chrm/Necr      #.........   21%         3    None
 Vampiric Draining        Necr           #.........   21%         3    None
 Venom Bolt               Conj/Pois      ###.......   45%         5    #####..
 Animate Dead             Necr           N/A          54%         4    ##.....
 Olgreb's Toxic Radiance  Pois           #.......     54%         4    ##.....
 Petrify                  Tmut/Erth      #.......     54%         4    ##.....
 Metabolic Englaciation   Hex/Ice        #.........   88%         5    #####..
 Yara's Violent Unravell  Hex/Tmut       #.........   88%         5    #####..


Dungeon Overview and Level Annotations

Branches:
Dungeon (8/15)             Temple (1/1) D:6
   Lair: D:8-11

Altars:
Ashenzari
Cheibriados
Dithmenos
Elyvilon
Fedhas
Gozag
Kikubaaqudgha
Makhleb
Nemelex Xobeh
Okawaru
Ru
Sif Muna
Trog
Vehumet
Wu Jian
Xom
Yredelemnul
Zin
The Shining One

Shops:
D:5 (


Message History

The orc warrior throws a tomahawk of returning.
The tomahawk of returning hits you!
The orc warrior throws a tomahawk of returning.
The tomahawk of returning misses you.
The weapon returns to the orc warrior!
The orc warrior throws a tomahawk of returning.
The tomahawk of returning hits you!
* * * LOW HITPOINT WARNING * * *
The weapon returns to the orc warrior!
Okay, then.
Casting: Flame Tongue (safe; 1% risk of failure)
Confirm with . or Enter, or press ? or * to list all spells.
Aiming: Conjure Flame (safe; 1% risk of failure)
Press: ? - help, Dir - move target cursor You feel a surge of power!
The fire ignites!
The orc warrior throws a tomahawk of returning.
The tomahawk of returning hits you but does no damage.
The weapon returns to the orc warrior!
The orc warrior throws a tomahawk of returning.
The tomahawk of returning hits you!
You die...

#.< #.......## ##.># #.#
###########...o....###.... #.#
#........######.##........
#.######........# #o##.###.##.
......##........# #..#.###.##.
#.###.##........# ##.#.#......
#..<#.##........# #.#.#######
#..##.##........#######o#.#......
##.##...........@.....§o#.#.#####
#.#####........#########.#.# #.#
#.##................#.# #.. ...
#.#####....#######.##### ######.
#.# #................. # #. #.#
#.##.########.#### ..(.. #.##
.##.# #..... #..##..# ###.#
###### #.....# #.#


You could see an orc warrior and an orc.

Vanquished Creatures
  Joseph (D:7)
  A hippogriff (D:7)
  An ogre (D:4)
  A centaur (D:8)
  A scorpion (D:5)
  A howler monkey (D:5)
  4 crimson imps
  A bullfrog zombie (D:5)
  2 jellies
  A gnoll shaman (D:4)
  5 hounds
  6 orc wizards
  Jessica (D:3)
  Ijyb (D:3)
  5 worker ants
  A hound skeleton (D:4)
  A howler monkey zombie (D:6)
  10 adders
  7 gnolls
  2 oozes
  An adder zombie (D:7)
  An adder skeleton (D:4)
  2 worms
  2 dart slugs
  A leopard gecko (D:4)
  26 orcs
  2 ball pythons
  5 bats (D:3)
  7 giant cockroaches
  2 gnoll zombies (D:4)
  6 goblins
  6 hobgoblins
  7 quokkas
  5 frilled lizards
  A jackal skeleton (D:4)
  7 kobolds
  2 quokka skeletons
  4 rats
  A butterfly (D:6)
141 creatures vanquished.

Vanquished Creatures (others)
  A bat (D:1)
  A kobold (D:1)
2 creatures vanquished.

Grand Total: 143 creatures vanquished

Notes
Turn   | Place    | Note
-------+----------+-------------------------------------------
     0 | D:1      | nikopol the Deep Elf Fire Elementalist began the quest for
                  | the Orb.
     0 | D:1      | Reached XP level 1. HP: 10/10 MP: 6/6
   396 | D:1      | Reached XP level 2. HP: 15/15 MP: 6/8
  1137 | D:2      | Reached XP level 3. HP: 13/19 MP: 5/9
  1144 | D:2      | Learned a level 2 spell: Throw Flame
  1148 | D:2      | Learned a level 3 spell: Conjure Flame
  1874 | D:3      | Reached XP level 4. HP: 19/24 MP: 4/11
  1880 | D:3      | Learned a level 4 spell: Sticky Flame
  2062 | D:3      | Reached skill level 4 in Spellcasting
  2166 | D:3      | Reached XP level 5. HP: 28/28 MP: 10/13
  2194 | D:3      | Reached skill level 5 in Fire Magic
  2397 | D:3      | Noticed Ijyb
  2402 | D:3      | Killed Ijyb
  2504 | D:3      | Reached skill level 5 in Spellcasting
  2506 | D:3      | Noticed Jessica
  2509 | D:3      | Killed Jessica
  2553 | D:3      | Found a deep blue altar of Sif Muna.
  2697 | D:4      | Found an ornate altar of the Wu Jian Council.
  2861 | D:4      | Reached XP level 6. HP: 28/32 MP: 7/16
  2909 | D:4      | Found a basalt altar of Yredelemnul.
  3234 | D:4      | Reached skill level 6 in Spellcasting
  3245 | D:4      | Learned a level 5 spell: Fireball
  3368 | D:4      | Reached XP level 7. HP: 36/36 MP: 12/18
  3924 | D:4      | Found a large runed door.
  3927 | D:4      | Found a large runed door.
  3979 | D:4      | Found a large runed door.
  3979 | D:4      | Found a large runed door.
  4295 | D:5      | Entered Level 5 of the Dungeon
  4342 | D:5      | Reached skill level 7 in Spellcasting
  4381 | D:5      | Found Efamea's Weapon Shoppe.
  4570 | D:5      | Found a blossoming altar of Fedhas.
  4772 | D:5      | Found a sparkling altar of Nemelex Xobeh.
  5070 | D:6      | Found a shimmering altar of Xom.
  5256 | D:6      | Found a staircase to the Ecumenical Temple.
  5264 | Temple   | Entered the Ecumenical Temple
  5391 | Temple   | Became a worshipper of Vehumet
  5437 | D:6      | Reached skill level 5 in Conjurations
  5437 | D:6      | Reached XP level 8. HP: 42/42 MP: 14/21
  5641 | D:6      | Found an iron altar of Okawaru.
  5641 | D:6      | Found a shattered altar of Ashenzari.
  5878 | D:7      | Noticed a hippogriff
  5882 | D:7      | Killed a hippogriff
  5887 | D:7      | Reached skill level 1 in Short Blades
  5975 | D:7      | Found a sacrificial altar of Ru.
  6143 | D:7      | Reached skill level 1 in Fighting
  6376 | D:7      | Noticed Joseph
  6452 | D:7      | Found an ancient bone altar of Kikubaaqudgha.
  6577 | D:7      | Killed Joseph
  6577 | D:7      | Reached skill level 8 in Spellcasting
  7233 | D:8      | Hit by a tomahawk of returning thrown by an orc warrior

Vault maps used:
D:1:      eino_arrival_cavern_e, lemuel_old_faithful
D:2:      grunt_ministairs_15, nrook_uturn
D:3:      tgw_sif, first_ration, chequers_serial_rivers_small_3, uniq_ijyb
D:4:      nicolae_overflow_crystal_walls, lemuel_zombie_altar_yredelemnul,
          minmay_hollow_rounded_squares
D:5:      amethyst_overflow_temple_binary, serial_shops,
          nicolae_shop_behind_doors, dk_rats_in_the_wall
D:6:      xom_butterflies, gammafunk_temple_overflow_wave,
          minmay_temple_entry_trees, hangedman_decor_slide_cut,
          grunt_ministairs_1
D:7:      kiku_gazebo_garden_becter, nicolae_ru_sacrificial_ziggurat,
          uniq_joseph
D:8:      black_bear_nest_1, serial_shops, shop, blue_anna_alchemist,
          chequers_mini_garden, tgw_fedhas
Temple:   nicolae_temple_figure_eight

Skill      XL: |  1  2  3  4  5  6  7  8 |
---------------+-------------------------+-----
Fire Magic     | 4 5 6 7 |  7.3
Conjurations   | 2 3 5 6 |  6.0
Spellcasting   | 4 5 6 7 8 |  8.5
Stealth        | 3 4 |  4.4
Dodging        | 3 4 |  4.7
Short Blades   | 1 |  1.0
Fighting       | 1 |  1.6

Action                   |  1- 3 |  4- 6 |  7- 9 || total
-------------------------+-------+-------+-------++-------
Melee: Dagger            |       |    11 |   154 ||   165
 Cast: Flame Tongue      |    64 |   102 |   111 ||   277
       Throw Flame       |       |     2 |       ||     2
       Sticky Flame      |       |     4 |    15 ||    19
       Conjure Flame     |       |     1 |     1 ||     2
       Fireball          |       |       |     5 ||     5
  Use: Potion            |       |     2 |       ||     2
       Scroll            |       |     1 |     2 ||     3
  Eat: Chunk             |     3 |     5 |    14 ||    22
Armor: Robe              |     1 |     3 |    27 ||    31
Dodge: Dodged            |    20 |    38 |   110 ||   168

Table legend:
 A = Non-vault XP
 B = Vault XP
 C = Vault XP percentage of total XP
 D = Non-vault monster count
 E = Vault monster count
 F = Vault count percentage of total count
                 A         B        C        D         E       F
            +---------+---------+-------+---------+---------+-------
      Total |    1933 |     662 |  25.5 |     123 |      17 |  12.1
            +---------+---------+-------+---------+---------+-------
        D:1 |      16 |       0 |   0.0 |      11 |       0 |   0.0
        D:2 |      51 |       8 |  13.6 |      13 |       2 |  13.3
        D:3 |     188 |      73 |  28.0 |      35 |       2 |   5.4
        D:4 |     512 |      92 |  15.2 |      28 |      10 |  26.3
        D:5 |     362 |       0 |   0.0 |      12 |       0 |   0.0
        D:6 |     256 |      29 |  10.2 |      13 |       2 |  13.3
        D:7 |     392 |     460 |  54.0 |       9 |       1 |  10.0
        D:8 |     156 |       0 |   0.0 |       2 |       0 |   0.0
            +---------+---------+-------+---------+---------+-------
